[Event "13th Rheinland-Pfalz-Open 2023"]
[Site "Neuwied-Engers"]
[Date "2023.06.08"]
[Round "2.4"]
[White "Baerwinkel, Tobias"]
[Black "Mondorf, Karl-Josef"]
[Result "1-0"]
[Annotator "TA"]
[ECO "E07"]
[WhiteElo "2324"]
[BlackElo "1898"]
[PlyCount "63"]
[EventDate "2023.01.12"]
[EventType "swiss"]
[EventCountry "GER"]
[SourceTitle "playchess.com"]
[Source "ChessBase"]
[SourceQuality "1"]
[TimeControl "40/5400+30:1800+30"]

1. d4 Nf6 2. c4 e6 3. g3 d5 4. Bg2 Be7 5. Nf3 c6 6. O-O O-O 7. Nc3 Nbd7 {[%emt 0:00:30] 7...a5 injects fresh life into this line.} 8. Qd3 h6 {[%emt 0:00:30] E07: Closed Catalan: Main Line (5 Nf3 0-0 6 0-0 Nbd7).} 9. e4 dxc4 10. Qxc4 Nb6 {[%emt 0:00:30] White is slightly better.} 11. Qe2 Re8 12. Rd1 Bf8 {[%emt 0:00:30] [#]} 13. Bf4 $146 ({Predecessor:} 13. h3 Bd7 14. e5 Nfd5 15. Ne4 Re7 16. g4 g6 17. h4 Be8 18. h5 Rd7 19. g5 hxg5 20. Bxg5 {1-0 Paprocki,A (1949)-Zarebska,L (1829) Krakow Malopolski op 2022 (4)}) 13... Nh5 14. Be3 Nf6 15. h3 Bb4 16. Ne5 Nbd7 17. Nd3 {[%emt 0:00:30] White is much more active. The black rooks are badly placed.} Bf8 18. g4 Qa5 (18... Nb6 $16) 19. f4 $18 g6 20. a3 Qc7 21. Rac1 a6 (21... Nb6 {keeps fighting.} 22. Ne5 Qe7) 22. e5 Nh7 23. Be4 Qd8 24. Kh2 Nb6 25. Rg1 Nd5 26. Bd2 Ne7 27. Qf2 {[%emt 0:00:00] And now f5 would win.} Kh8 28. h4 f5 $2 (28... b6 29. h5 Rb8 30. hxg6 fxg6) 29. exf6 Nxf6 30. Bf3 (30. Ne5 $142 Qc7 31. g5 hxg5 32. hxg5) 30... Nh7 $2 (30... Bg7 {was necessary.} 31. g5 hxg5) 31. Ne5 {[%emt 0:04:30] [#] Strongly threatening Nf7+.} Bg7 (31... Qb6 $142 32. h5 Bg7 33. hxg6 Bxe5) 32. Nf7+ {Black did not feel at home in the position after the opening.   Weighted Error Value: White=0.26 (precise) /Black=0.51} 1-0

[Event "13th Rheinland-Pfalz-Open 2023"]
[Site "Neuwied-Engers"]
[Date "2023.06.08"]
[Round "2.5"]
[White "Goldmann, David"]
[Black "Boidman, Yuri"]
[Result "1/2-1/2"]
[Annotator "TA"]
[ECO "B01"]
[WhiteElo "1895"]
[BlackElo "2304"]
[PlyCount "132"]
[EventDate "2023.01.12"]
[EventType "swiss"]
[EventCountry "GER"]
[SourceTitle "playchess.com"]
[Source "ChessBase"]
[SourceQuality "1"]
[TimeControl "40/5400+30:1800+30"]

1. e4 d5 2. exd5 Nf6 3. d4 Bg4 4. Be2 Bxe2 5. Nxe2 Qxd5 6. O-O e6 {[%emt 0:00:05] B01: Scandinavian Defence.} 7. Bf4 c5 8. Nbc3 Qd7 {[%emt 0:00:18] [#] White has an edge.} 9. Qd3 $146 ({Predecessor:} 9. dxc5 Bxc5 10. Qxd7+ Nbxd7 11. Na4 Nd5 12. Bd2 Be7 13. c4 N5b6 14. Nxb6 Nxb6 15. b3 {1-0 Janetschek,K (2280)-Woeber,F (2165) AUT-chT 0001 2000 (5.5)}) 9... Nc6 10. Rad1 cxd4 11. Nxd4 Nxd4 12. Qxd4 Qxd4 13. Rxd4 Bc5 14. Rc4 Bb6 15. Bd6 Rd8 16. Ba3 a6 {[%emt 0:05:35] Repels Nb5} 17. Rd1 Rxd1+ 18. Nxd1 Kd7 {[%emt 0:00:58] Wards off Rc8} 19. Nc3 Rd8 20. Kf1 Ba7 21. Bc5 b6 22. Bd4 Ne8 (22... b5 $11 {keeps the balance.}) 23. Ra4 $1 $16 {[%emt 0:02:07] White is more active.} Kc6 24. Rxa6 Rxd4 25. Rxa7 {[%emt 0:00:04][%mdl 4096] Endgame KRN-KRN} Rd2 26. Rxf7 Rxc2 27. Nd1 Kd6 28. h4 h5 29. Rb7 Rc6 30. Nc3 Nc7 31. f3 g6 32. Ke2 Nd5 33. Kd2 (33. Nxd5 $18 Kxd5 34. Kd3) 33... Nxc3 34. bxc3 {[%emt 0:00:01] KR-KR} Kc5 35. f4 (35. a4 $142) 35... e5 36. fxe5 Re6 (36... Kd5 $142) 37. Rg7 Kd5 38. Rd7+ Kxe5 {[%emt 0:00:31] [#]} 39. Rd4 Rf6 40. Ke2 {[%emt 0:00:00] Wards off Rf2+} Rc6 {[%emt 0:01:16] [#]} 41. Kd3 Rf6 42. Re4+ (42. a4 $142) 42... Kd6 43. g4 ({White should try} 43. Ke3 $16) 43... Rf2 $1 $14 44. gxh5 gxh5 {[%emt 0:00:11] The position is equal.} 45. a4 Rh2 46. Kc4 {[%emt 0:00:00] aiming for Kb5.} Kc6 47. Rf4 Rh1 48. Kd4 Kd6 49. Kc4 {[%emt 0:00:00] Kb5 is the strong threat.} Kc6 50. Rf6+ Kb7 $1 51. Kb5 Rb1+ $1 52. Kc4 {[%emt 0:00:00] Hoping for Rh6.} Ra1 53. Kb3 {[%emt 0:00:00] Black must now prevent Rf5.} Rb1+ 54. Kc2 Rh1 55. Rf4 Ka6 56. Kd3 Ka5 57. Kc2 Ka6 58. Kb3 Rh2 59. Kc4 Ka5 60. Rf5+ Kxa4 61. Rxh5 b5+ 62. Kc5 (62. Rxb5 {is a self mate.} Rxh4+ 63. Kc5 Rh5+ 64. Kc4 Rxb5 65. Kd4 Rg5 66. Ke4 Kb3 67. Kd4 Rh5 68. c4 Kb4 69. Ke3 Kxc4 70. Ke4 Kc3 71. Kf4 Kd3 72. Kg4 Rd5 73. Kf4 Rb5 74. Kg3 Ke3 75. Kg4 Rc5 76. Kg3 Rg5+ 77. Kh4 Kf4 78. Kh3 Kf3 79. Kh2 Rh5+ 80. Kg1 Rh8 81. Kf1 Rh1#) 62... Rc2 63. Kb6 Rh2 64. Rxb5 {[%emt 0:00:00] c4 would be deadly.} Rxh4 {[%emt 0:02:38] ( -> ...Rh6+)} 65. Rb4+ Rxb4+ 66. cxb4 Kxb4 {[%emt 0:00:00] White really could win this.   Weighted Error Value: White=0.10 (very precise) /Black=0.09 (flawless)} 1/2-1/2

[Event "13th Rheinland-Pfalz-Open 2023"]
[Site "Neuwied-Engers"]
[Date "2023.06.08"]
[Round "2.6"]
[White "Syrov, Arkadi"]
[Black "Pauly, Markus"]
[Result "1-0"]
[Annotator "TA"]
[ECO "A43"]
[WhiteElo "2298"]
[BlackElo "1888"]
[PlyCount "47"]
[EventDate "2023.01.12"]
[EventType "swiss"]
[EventCountry "GER"]
[SourceTitle "playchess.com"]
[Source "ChessBase"]
[SourceQuality "1"]
[TimeControl "40/5400+30:1800+30"]

1. d4 g6 2. e4 Bg7 3. Nc3 c5 4. d5 d6 5. f4 Nf6 6. Bb5+ Nfd7 7. a4 {[%emt 0:01:13] Black is weak on the light squares} a6 {[%emt 0:00:54] A43: Schmid Benoni.} 8. Bd3 O-O 9. Nf3 Nf6 {[%emt 0:01:06] White is slightly better.} 10. O-O e6 11. dxe6 $1 {[%emt 0:02:35] [#]} Bxe6 $146 ({Predecessor:} 11... fxe6 12. Qe1 Nc6 13. e5 dxe5 14. fxe5 Ng4 15. Bg5 Qb6 16. a5 Qc7 17. Qh4 Ngxe5 18. Nxe5 Nxe5 19. Rxf8+ Bxf8 {1-0 Cherniaev,A (2397)-Birtwistle,N (2110) BCF-chT 2122 (4NCL) 2021 (2.121)}) 12. f5 gxf5 13. exf5 Bd7 14. Bg5 Bc6 15. Bc4 {[%emt 0:10:52] White is more active.} Qd7 {[%emt 0:14:19] This costs Black the game.} (15... h6 $14 16. Bh4 Re8) 16. Qd2 $18 Bxf3 $2 (16... d5) 17. Rxf3 ({Weaker is} 17. gxf3 Qxf5 18. Bd3 Qh3 $14) 17... Nc6 (17... Qd8 $142 18. Rd3 Nbd7 19. Rxd6 Qc7) 18. Bxf6 {[%emt 0:05:17][%mdl 64] [#] Deflection} Bxf6 19. Qh6 {[%emt 0:00:09] Rg3+ would kill now.} Be5 {[%emt 0:07:54] Repels Rg3+} 20. f6 {[%emt 0:05:56][%csl Gf6][%cal Rh6g7] White mates.} Qg4 21. Bd3 Rfd8 22. Bxh7+ Kh8 23. Bg6+ {[%emt 0:00:04][%mdl 64] [#] Discovered Attack} Kg8 24. Qg7# {[%emt 0:00:05] A cool game by Syrov.   Weighted Error Value: White=0.05 (flawless) /Black=0.83} 1-0

[Event "13th Rheinland-Pfalz-Open 2023"]
[Site "Neuwied-Engers"]
[Date "2023.06.08"]
[Round "2.7"]
[White "Goldenstein, Arnd"]
[Black "Weber, Samuel"]
[Result "0-1"]
[Annotator "TA"]
[ECO "B38"]
[WhiteElo "1894"]
[BlackElo "2296"]
[PlyCount "95"]
[EventDate "2023.01.12"]
[EventType "swiss"]
[EventCountry "GER"]
[SourceTitle "playchess.com"]
[Source "ChessBase"]
[SourceQuality "1"]
[TimeControl "40/5400+30:1800+30"]

1. d4 Nf6 2. c4 g6 3. Nc3 Bg7 4. e4 d6 5. Nf3 O-O 6. Be2 c5 7. O-O cxd4 8. Nxd4 Nc6 9. Be3 Bd7 10. h3 Nxd4 11. Bxd4 Bc6 12. Bf3 {[%emt 0:14:25] B38: Sicilian: Maroczy Bind with 5...Bg7 and 7...0-0.} a5 13. Qd2 Nd7 {[%emt 0:00:22] [#]} 14. Rfe1 $146 {[%emt 0:05:49] White has an edge.} ({Predecessor:} 14. Bxg7 Kxg7 15. b3 Qb6 16. Nd5 Bxd5 17. exd5 Qb4 18. Qb2+ Kg8 19. a3 Qb6 20. Rfe1 {½-½ Romanov,E (2619)-Ivanchuk,V (2713) EU-ch 19th Batumi 2018 (3)}) 14... f5 15. Bxg7 Kxg7 16. Qd4+ Kg8 17. Bd1 f4 18. Bg4 {[%emt 0:07:18] Be6+ is the strong threat.} Ne5 19. c5 h5 20. Be6+ Kh7 21. f3 Rf6 $1 22. Bb3 {[%emt 0:01:04] [#]} a4 $1 23. Bd5 (23. Bxa4 Bxa4) 23... Qa5 24. cxd6 exd6 25. Rac1 Bd7 (25... g5 $11) 26. Ne2 (26. Rf1 $14) 26... Bxh3 $11 {[%emt 0:01:29][%mdl 64] [#] Deflection} 27. Rc3 Bd7 28. Rec1 (28. Bxb7 $2 {too greedy.} Rb8 29. Bd5 Rxb2 $19) 28... Qb5 29. Qd2 Qb6+ 30. Kh1 Qf2 31. Qe1 ({Much weaker is} 31. Bxb7 Rb8 32. Rc7 Kh6 $17) 31... Qxe1+ 32. Rxe1 Bc6 33. Rec1 (33. Nd4 $15) 33... Ra5 (33... g5 $17) 34. b4 axb3 35. Bxb3 g5 {[%emt 0:06:51][%cal Bg6g5,Bg5g4][%mdl 32] Black is more active.} 36. Nd4 g4 37. Bd5 $2 {[%emt 0:00:34] This costs White the game.} Bxd5 $19 38. exd5 Rxd5 (38... Rxa2 $2 {is the wrong capture.} 39. Rd1 $19) 39. Rc7+ $2 (39. Rd1) 39... Kg6 {[%emt 0:00:16] Black is clearly winning.} 40. Nb3 (40. Ne2 $142) 40... gxf3 41. gxf3 Nxf3 42. Rxb7 Ne5 43. Rb4 Rd3 44. Rf1 Rh3+ 45. Kg2 Rg3+ 46. Kh2 Ng4+ 47. Kh1 f3 {[%emt 0:02:05] ( -> ...Ne3)} 48. Nc1 {[%emt 0:01:11] Weighted Error Value: White=0.53/Black=0.10 (very precise)} 0-1

[Event "13th Rheinland-Pfalz-Open 2023"]
[Site "Neuwied-Engers"]
[Date "2023.06.08"]
[Round "2.8"]
[White "Stillger, Bernhard"]
[Black "Minkovitch, Michael"]
[Result "1-0"]
[Annotator "TA"]
[ECO "A11"]
[WhiteElo "2289"]
[BlackElo "1876"]
[PlyCount "63"]
[EventDate "2023.01.12"]
[EventType "swiss"]
[EventCountry "GER"]
[SourceTitle "playchess.com"]
[Source "ChessBase"]
[SourceQuality "1"]
[TimeControl "40/5400+30:1800+30"]

1. Nf3 d5 2. g3 Nf6 3. Bg2 g6 4. c4 c6 5. b3 Bg7 6. Bb2 dxc4 7. bxc4 O-O 8. O-O Bg4 {[%emt 0:06:33] A11: English Opening: 1...c6.} 9. d3 Bxf3 10. Bxf3 {[%emt 0:00:40] [#]} Nbd7 $146 {[%emt 0:04:19] White has an edge.} ({Predecessor:} 10... Qc7 11. Nc3 e5 12. Rb1 Nbd7 13. Ba3 Rfe8 14. Qb3 b6 15. Rfd1 Rac8 16. Bg2 Bf8 17. Bxf8 Kxf8 {0-1 Isembaev,B (1991)-Gorovenko,D (1787) Astrakhan op 2013 (7)}) 11. Nd2 Qc7 12. Qc2 e5 13. Rab1 Rfe8 14. c5 Bf8 15. d4 exd4 16. Bxd4 Rab8 17. e3 Rec8 18. Rfd1 {[%emt 0:06:41] White has more active pieces.} Ne5 19. Bg2 Qe7 20. Rb3 Nfd7 (20... Ned7 $16) 21. Ne4 $18 Rd8 22. h3 {[%emt 0:04:55] aiming for f4.} f5 (22... b5 $142 23. cxb6 Nxb6) 23. Nd6 b6 24. f4 (24. Bxc6 $142 bxc5 25. Qc4+ Kg7 26. Bc3 (26. Rxb8 Nxb8 27. Nxf5+ gxf5 $16)) 24... Nf7 25. Nxf7 ({Only move:} 25. Bxc6 $18 {And now Bd5 would win.} Nxc5 26. Bxc5 Nxd6 27. Bb4 (27. Bd5+ Kh8 $16)) 25... Qxf7 26. cxb6 axb6 (26... Nxb6 $16 27. Bxc6 (27. Qxc6 Bg7 $16) 27... Rbc8) 27. Qxc6 {[%emt 0:02:12] Strongly threatening Bd5.} ({Don't do} 27. Bxc6 Rbc8 28. Rc3 (28. Bxb6 Nxb6 29. Rxb6 Qa7 $18) 28... Bc5) 27... Nc5 28. Rxb6 Rd6 $2 (28... Rxb6 29. Qxb6 Ne6) 29. Rxb8 {[%emt 0:00:13] White is clearly winning.} Rxc6 30. Bxc6 {[%emt 0:00:15] A strong pair of Bishops.} Qc4 {[%emt 0:00:00] [#]} 31. Bd5+ $1 Qxd5 {[%emt 0:00:00] [#]} 32. Rxf8+ $1 {[%emt 0:00:02][%mdl 33344] Remove Defender.   Weighted Error Value: White=0.27 (precise) /Black=0.37. Loss on time!?} 1-0

[Event "13th Rheinland-Pfalz-Open 2023"]
[Site "Neuwied-Engers"]
[Date "2023.06.08"]
[Round "2.9"]
[White "Zerfass, Otfried"]
[Black "Ollenberger, Roland"]
[Result "0-1"]
[Annotator "TA"]
[ECO "C11"]
[WhiteElo "1888"]
[BlackElo "2280"]
[PlyCount "48"]
[EventDate "2023.01.12"]
[EventType "swiss"]
[EventCountry "GER"]
[SourceTitle "playchess.com"]
[Source "ChessBase"]
[SourceQuality "1"]
[TimeControl "40/5400+30:1800+30"]

1. e4 c5 2. Nc3 Nc6 3. f4 e6 4. Nf3 d5 5. Bb5 Nf6 6. e5 Nd7 7. d4 a6 {[%emt 0:05:09] C11: French: Classical System: 4 e5 and 4 Bg5 dxe4.} 8. Bxc6 bxc6 9. O-O cxd4 {[%emt 0:02:16] Black is slightly better.} 10. Nxd4 c5 11. Nf3 (11. Nc6 $2 Qc7 12. f5 Qxc6 $19) 11... g6 {[%emt 0:04:17] [#]} 12. Kh1 $146 ({Predecessor:} 12. Bd2 Be7 13. Qe1 Bb7 14. Na4 a5 15. f5 gxf5 16. Qg3 Qc7 17. Qg7 Rf8 18. Qxh7 {0-1 Guenther,R (1587)-Byrne,M (2238) RUS RCCA25/pr03 email 2018}) 12... Qb6 13. b3 Bg7 14. Na4 Qc6 15. Qe1 Bb7 16. Ba3 O-O 17. h4 f6 {[%emt 0:06:05] Strongly threatening ...fxe5.} 18. exf6 {[%emt 0:03:08] [#] Loses the game.} (18. Qg3 $1 $15) 18... Rxf6 $19 ({Weaker is} 18... Bxf6 19. c3 $17) 19. Bb2 d4 ({Not} 19... Rxf4 20. Bxg7 Kxg7 21. Ng5 Rxf1+ 22. Qxf1 $17) 20. Bc1 Re8 21. Nb2 {[%emt 0:00:25] [#]} e5 $1 22. Nc4 (22. Qg3 e4) 22... e4 23. Na5 Qc8 24. Nxb7 (24. Ng1 $142) 24... exf3 {[%emt 0:00:39][%mdl 64] Discovered Attack.   Weighted Error Value: White=0.52/Black=0.05 (flawless)} 0-1

[Event "13th Rheinland-Pfalz-Open 2023"]
[Site "Neuwied-Engers"]
[Date "2023.06.08"]
[Round "2.10"]
[White "Ronge, Tim"]
[Black "Bosma, Achim"]
[Result "1-0"]
[Annotator "TA"]
[ECO "C40"]
[WhiteElo "2266"]
[BlackElo "1873"]
[PlyCount "43"]
[EventDate "2023.01.12"]
[EventType "swiss"]
[EventCountry "GER"]
[SourceTitle "playchess.com"]
[Source "ChessBase"]
[SourceQuality "1"]
[TimeControl "40/5400+30:1800+30"]

1. e4 e5 2. Nf3 d5 3. exd5 Bd6 4. d4 exd4 5. Qxd4 {[%emt 0:00:40] [#]} Qf6 $146 (5... Nf6 $16 {keeps fighting.}) ({Predecessor:} 5... Nf6 6. Bd3 O-O 7. O-O Re8 8. Bg5 Nbd7 9. Qh4 h6 10. Bxh6 Nh7 11. Bxh7+ Kxh7 12. Bg5+ {1-0 Schaefer,M (1897)-Hierl,J (1363) GER-ch Net blitz qual2 2020 (3)}) 6. Nc3 $18 {[%emt 0:04:49] C40: Latvian and Elephant Gambits.} Qxd4 7. Nxd4 a6 {[%emt 0:00:18] Against Ndb5} 8. Be2 {[%emt 0:06:05] White is clearly better.} Bb4 9. Bf4 Nf6 10. Bf3 ({Don't take} 10. Bxc7 Nxd5 $16) 10... Bd6 11. Bxd6 cxd6 12. O-O-O O-O 13. Rhe1 Nbd7 (13... g6 {was necessary.} 14. h3 Nbd7) 14. Nf5 Ne8 15. Ne4 Ne5 16. Nexd6 Nxf3 17. gxf3 ({And not} 17. Rxe8 Rxe8 18. Nxe8 Bxf5 $11) 17... Bxf5 18. Nxf5 Nf6 19. Re7 g6 20. Ng3 b5 21. Ne4 Nh5 22. d6 {[%emt 0:00:52] Weighted Error Value: White=0.11 (very precise) /Black=0.28 (precise)} 1-0

[Event "13th Rheinland-Pfalz-Open 2023"]
[Site "Neuwied-Engers"]
[Date "2023.06.09"]
[Round "3.1"]
[White "Peng, Li Min"]
[Black "Kettler, Ilija Jonas"]
[Result "1-0"]
[Annotator "TA"]
[ECO "D02"]
[WhiteElo "2530"]
[BlackElo "2106"]
[PlyCount "67"]
[EventDate "2023.01.12"]
[EventType "swiss"]
[EventCountry "GER"]
[SourceTitle "playchess.com"]
[Source "ChessBase"]
[SourceQuality "1"]
[TimeControl "40/5400+30:1800+30"]

1. d4 d5 2. Bf4 Nf6 3. e3 e6 4. Nf3 Bd6 5. Ne5 O-O 6. Nd2 c5 7. c3 {[%emt 0:00:00] D02: 1 d4 d5 2 Nf3 sidelines, including 2...Nf6 3 g3 and 2...Nf6 3 Bf4.} Qc7 {[%emt 0:03:44] is cutting edge theory.} 8. Bd3 Nc6 9. Ndf3 {[%emt 0:00:00] The position is equal.} Ne4 10. O-O f6 11. Nxc6 Bxf4 12. exf4 Qxc6 13. Re1 {[%emt 0:00:00] [#]} Bd7 $146 (13... b6 $14) ({Predecessor:} 13... c4 14. Bxe4 dxe4 15. Nd2 f5 16. f3 exf3 17. Qxf3 Qb5 18. Rab1 Qa4 19. a3 Rb8 {½-½ Rosen,E (2360)-Sachdev,T (2399) I'M Not A GM Speed Chess blitz 2022 (1.17)}) 14. Qc2 $16 f5 15. Ne5 Qc7 16. c4 Rac8 17. cxd5 (17. Rac1 {keeps more tension.} cxd4 18. cxd5 Qa5 19. Qe2) 17... exd5 18. f3 Nf6 {[%emt 0:02:00] [#]} ({Better is} 18... cxd4 $14 19. Qb3 Nf6) 19. Nxd7 $1 $18 {[%emt 0:00:00][%mdl 64] Remove Defender} ({Don't play} 19. Bxf5 $6 Bxf5 20. Qxf5 cxd4 $16) 19... Nxd7 20. Bxf5 cxd4 21. Bxh7+ Kh8 22. Qxc7 Rxc7 23. Bg6 Rxf4 {[%emt 0:02:35] [#]} 24. h4 $1 Rc8 25. Rac1 Rd8 (25... Rxc1 $16 {was called for.} 26. Rxc1 Kg8) 26. Rc7 {[%emt 0:00:00][%cal Oc7d7] Hoping for Rxd7!} Nf8 27. h5 (27. Bd3 $18) 27... Nxg6 $16 28. hxg6 {[%emt 0:00:00][%mdl 4096] Endgame KRR-KRR} Rf6 29. Rxb7 {[%emt 0:00:00] White is much more active.} Rxg6 30. Rxa7 (30. Rd1 $16) 30... Rc8 {[%emt 0:00:06] [#]} (30... d3 $1 $14) 31. Re2 $1 {[%emt 0:00:00] Rd2 would be deadly.} d3 $2 (31... Rc1+ $16 {is a better defense.} 32. Kf2 Rd1) 32. Rd2 $18 {[%emt 0:00:00] White has a decisive advantage.} Re6 33. Ra3 ({Don't take} 33. Rxd3 Rc1+ 34. Kh2 Rh6+ 35. Kg3 Rg6+ 36. Kf4 Rc4+ 37. Ke3 Rxg2 $18) 33... Rc1+ 34. Kf2 {[%emt 0:00:00] Weighted Error Value: White=0.12 (very precise) /Black=0.30} 1-0

[Event "13th Rheinland-Pfalz-Open 2023"]
[Site "Neuwied-Engers"]
[Date "2023.06.09"]
[Round "3.2"]
[White "Schild, Willi"]
[Black "Winterberg, Lukas"]
[Result "0-1"]
[Annotator "TA"]
[ECO "A47"]
[WhiteElo "2112"]
[BlackElo "2405"]
[PlyCount "46"]
[EventDate "2023.01.12"]
[EventType "swiss"]
[EventCountry "GER"]
[SourceTitle "playchess.com"]
[Source "ChessBase"]
[SourceQuality "1"]
[TimeControl "40/5400+30:1800+30"]

1. d4 Nf6 2. Nf3 c5 3. e3 e6 4. Bd3 b6 5. Qe2 Bb7 6. Nbd2 Nc6 7. c3 Be7 8. O-O O-O 9. e4 cxd4 10. Nxd4 d6 11. f4 Nxd4 {[%emt 0:01:51] A47: 1 d4 Nf6 2 Nf3 b6: Torre, London and Colle Systems.} 12. cxd4 {[%emt 0:00:52] [#]} Rc8 $146 ({Predecessor:} 12... d5 13. e5 Ne4 14. Rd1 Nxd2 15. Bxd2 Qd7 16. Bc3 f5 17. Bb5 Bc6 18. Ba6 b5 19. Ba5 {1-0 Grigoryan,M (2077)-Briscoe,C (2273) Coulsdon-B 2007 (2)}) 13. Rf3 e5 {[%emt 0:14:25] The position is equal.} 14. fxe5 dxe5 15. Nb3 (15. d5 $11) 15... exd4 $17 {[%emt 0:02:48] Black is more active.} 16. Rh3 (16. Rf2 $17) 16... Re8 $1 $19 17. e5 {[%emt 0:08:40] [#]} (17. Bd2 $17) 17... Bd6 $1 {[%emt 0:02:40][%mdl 576] Pin} 18. Bf4 {[%emt 0:01:38] [#]} Bxe5 $1 19. Bxe5 {[%emt 0:02:22] Threatens to win with Rg3.} Qd5 20. Qd2 {[%emt 0:04:45] Bxf6 is the strong threat.} Rxe5 21. Rf1 (21. Rh4 {might work better.}) 21... Rce8 {[%emt 0:01:02][%cal Oe5e2] Strongly threatening ...Re2!} 22. Rxf6 $2 (22. Rhf3) 22... gxf6 23. Bxh7+ Kf8 {[%emt 0:00:10] White did not feel at home in the position after the opening.   Weighted Error Value: White=1.04/Black=0.12 (very precise)} 0-1

[Event "13th Rheinland-Pfalz-Open 2023"]
[Site "Neuwied-Engers"]
[Date "2023.06.09"]
[Round "3.3"]
[White "Chassard, Cedric"]
[Black "Baerwinkel, Tobias"]
[Result "1-0"]
[Annotator "TA"]
[ECO "B51"]
[WhiteElo "2094"]
[BlackElo "2324"]
[PlyCount "51"]
[EventDate "2023.01.12"]
[EventType "swiss"]
[EventCountry "GER"]
[SourceTitle "playchess.com"]
[Source "ChessBase"]
[SourceQuality "1"]
[TimeControl "40/5400+30:1800+30"]

1. e4 c5 2. Nf3 d6 3. Bb5+ Nd7 4. Ba4 Ngf6 5. O-O e6 6. d4 {[%emt 0:00:14] B51: Sicilian: Moscow Variation (3 Bb5+) without 3...Bd7.} cxd4 7. Qxd4 Be7 8. c4 {[%emt 0:00:06] The position is equal.} O-O 9. Nc3 a6 10. Rd1 Qc7 11. Bxd7 Bxd7 {[%emt 0:03:33] [#]} (11... Nxd7 $14 12. Bg5 f6) 12. Bf4 $1 $16 Bc6 {[%emt 0:04:57] Strongly threatening ...e5.} 13. Bxd6 {[%emt 0:00:33] White is more active.} Bxd6 14. Qxd6 Qxd6 15. Rxd6 {[%emt 0:00:08] [#]} Nxe4 $146 {[%emt 0:00:14] [#]} ({Predecessor:} 15... Bxe4 16. Ne5 Rfc8 17. Rad1 Bf5 18. f3 h5 19. R6d4 Kf8 20. g4 hxg4 21. fxg4 Bc2 {1-0 De Silva,L (2452)-Volokitin,A (2665) ChessKid Cup Play In blitz 2023 (9)}) 16. Rxc6 {[%emt 0:00:54][%mdl 64] And now Rc7 would win. Remove Defender} bxc6 (16... Nxc3 $16 17. Rc7 Na4) 17. Nxe4 $18 Rfd8 18. Nc5 Rd6 19. Kf1 f6 20. Ke2 g5 $2 (20... a5 21. b3 h5) 21. Ne4 {[%emt 0:00:24][%csl LRd6,LRf6] White is clearly winning.} Rdd8 22. Nxf6+ Kg7 23. Ne4 h6 24. Ne5 Rac8 25. Rd1 Rxd1 26. Kxd1 {Black got outplayed after the opening.   Weighted Error Value: White=0.05 (flawless) /Black=0.38} 1-0

[Event "13th Rheinland-Pfalz-Open 2023"]
[Site "Neuwied-Engers"]
[Date "2023.06.09"]
[Round "3.4"]
[White "Kotyk, Michael"]
[Black "Syrov, Arkadi"]
[Result "1-0"]
[Annotator "TA"]
[ECO "E51"]
[WhiteElo "2089"]
[BlackElo "2298"]
[PlyCount "33"]
[EventDate "2023.01.12"]
[EventType "swiss"]
[EventCountry "GER"]
[SourceTitle "playchess.com"]
[Source "ChessBase"]
[SourceQuality "1"]
[TimeControl "40/5400+30:1800+30"]

1. d4 Nf6 2. c4 e6 3. Nc3 Bb4 4. e3 O-O 5. Bd2 d5 6. Nf3 c5 7. a3 Bxc3 8. Bxc3 Ne4 {[%emt 0:01:40] E51: Nimzo-Indian: Rubinstein: 4...0-0 5 Nf3 d5.} 9. Rc1 b6 10. dxc5 bxc5 {[%emt 0:00:49] White has an edge.} 11. Bd3 Nxc3 12. Rxc3 {[%emt 0:00:20] [#] aiming for cxd5.} dxc4 $146 {[%emt 0:00:27][%mdl 8192] [#]} (12... Nd7 $11) ({Predecessor:} 12... Nd7 13. O-O Rb8 14. Qc2 g6 15. Rd1 Qb6 16. b3 Bb7 17. Be2 Rfc8 18. Nd2 Ne5 19. cxd5 exd5 {½-½ Fodor,T (2517)-Nayhebaver,M (2533) HUN-chT 2223 2022 (5.6)}) 13. Be4 $1 $18 ({Less strong is} 13. Rxc4 Nd7 $11) (13. Bxc4 Qxd1+ 14. Kxd1 Nd7 $11) 13... Qb6 $2 (13... Qxd1+ 14. Kxd1 Rd8+ 15. Kc1 Rd5) 14. Bxa8 {[%emt 0:01:32] White is clearly winning.} Rd8 15. Qc2 Nd7 16. O-O Ba6 17. Rd1 {[%emt 0:00:08] Black did not feel at home in the position after the opening.   Weighted Error Value: White=0.03 (flawless) /Black=0.78.  Loses game:     	---       	Black=1      Missed win:     	---       	---        Mistake:       	---       	Black=1      Inaccurate:     	---       	---        OK:         	White=4     	Black=3      Best:        	White=1     	---        Strong:       	White=1     	---        Brilliant:      	---       	---} 1-0